 Dungeon Crawl Stone Soup version 0.18-a0-1413-g4eaa9ac (webtiles) character file.

73 M4edhros the Charlatan (level 4, -1/28 HPs)
             Began as an Octopode Artificer on Feb 25, 2016.
             Slain by M4edhros's ghost (8 damage)
             ... on level 3 of the Dungeon.
             The game lasted 00:02:47 (2242 turns).

M4edhros the Charlatan (Octopode Artificer)         Turns: 2242, Time: 00:02:47

Health: -1/28      AC:  1    Str: 10    XL:     4   Next: 27%
Magic:  6/6        EV:  7    Int: 15    God:
Gold:   64         SH:  0    Dex: 15    Spells: 0 memorised, 3 levels left

rFire  . . .     SeeInvis .     i - +2 hunting sling (velocity)
rCold  . . .     Gourm    .     (no shield)
rNeg   . . .     Faith    .     (helmet restricted)
rPois  .         Spirit   .     (no amulet)
rElec  .         Dismiss  .     k - +3 ring of dexterity
rCorr  .         Reflect  .     (no ring)
SustAt .         Harm     .     (no ring)
MR     .....                    (no ring)
Stlth  +++.......               (no ring)
                                (no ring)
                                (no ring)
                                (no ring)

@: not resistant to hostile enchantments, fairly stealthy
A: almost no armour, amphibious, 8 rings, constrict 8, camouflage 1, gelatinous
body 1
a: no special abilities


You were on level 3 of the Dungeon.
You were not hungry.

You visited 1 branch of the dungeon, and saw 3 of its levels.

You collected 64 gold pieces.

Inventory:

Hand Weapons
 i - a +2 hunting sling of velocity (weapon)
Missiles
 r - 28 sling bullets (quivered)
 s - 31 stones
Jewellery
 k - a +3 ring of dexterity (left tentacle)
 u - an uncursed ring of protection from fire {unknown}
Wands
 b - a wand of flame (15/48)
 c - a wand of enslavement (14/24)
 d - a wand of random effects (14/48)
Scrolls
 g - 3 scrolls of identify {unknown}
 h - a scroll of fear {unknown}
 m - a scroll of magic mapping {unknown}
 n - a scroll of remove curse {unknown}
 q - a scroll of recharging {unknown}
 t - a scroll of immolation {unknown}
Potions
 a - a potion of curing
 e - a potion of haste {unknown}
 j - 3 potions of agility {unknown}
 p - 2 potions of magic {unknown}
 v - a potion of degeneration {unknown}
Comestibles
 f - 2 bread rations
 l - a beef jerky


   Skills:
 - Level 1.0 Fighting
   Level 1.0 Short Blades
 * Level 2.8 Slings
 - Level 2.0 Dodging
 - Level 1.3 Stealth
 + Level 2.2 Unarmed Combat
 - Level 3.2 Evocations


You had 3 spell levels left.
You didn't know any spells.

Dungeon Overview and Level Annotations

Branches:
Dungeon (3/15)

Altars:
Nemelex Xobeh

Annotations:
D:3 M4edhros's ghost, amateur OpAr


Innate Abilities, Weirdness & Mutations

You cannot wear most types of armour.
You are amphibious.
You can wear up to eight rings at the same time.
You can use your tentacles to constrict eight enemies at once.
Your skin changes colour to match your surroundings (Stealth).
Your rubbery body absorbs attacks (AC +1).


Message History

M4edhros's ghost barely misses you.
Firing (i - inventory. (,) - cycle):
r - 30 sling bullets (quivered)
Press: ? - help, Shift-Dir - straight line, f/p - M4edhros's ghost
Aim: M4edhros's ghost (almost destroyed)
You shoot a sling bullet.
The sling bullet hits M4edhros's ghost but does no damage.
M4edhros's ghost is almost destroyed.
M4edhros's ghost hits you.
Firing (i - inventory. (,) - cycle):
r - 29 sling bullets (quivered)
Press: ? - help, Shift-Dir - straight line, f/p - M4edhros's ghost
Aim: M4edhros's ghost (almost destroyed)
You shoot a sling bullet.
The sling bullet misses M4edhros's ghost.
M4edhros's ghost hits you.
* * * LOW HITPOINT WARNING * * *
Drink which item? (? for menu, Esc to quit)
You feel better. M4edhros's ghost hits you.
* * * LOW HITPOINT WARNING * * *
M4edhros's ghost hits you!
You die...

...........#
###........#####.#
................#
#........#######
#....#...#
#....#...#
#...#....#
#...#....###
#@W((...(....
#............
#.......(.....
#............#
#.##.........#
#.##.........
#.##.......##
#.##.......# #.#
.......


You could see M4edhros's ghost.

Vanquished Creatures
  2 adders
  An ooze (D:2)
  2 worms (D:2)
  2 dart slugs
  2 giant geckos
  2 orcs (D:3)
  A giant cockroach (D:1)
  5 goblins
  3 hobgoblins (D:2)
  3 quokkas (D:2)
  A ball python (D:2)
  6 bats
  A giant newt (D:2)
  A kobold (D:1)
  5 rats
37 creatures vanquished.

Vanquished Creatures (collateral kills)
  An orc (D:3)
1 creature vanquished.

Vanquished Creatures (others)
  A plant (D:3)
1 creature vanquished.

Grand Total: 39 creatures vanquished

Notes
Turn   | Place    | Note
--------------------------------------------------------------
     0 | D:1      | M4edhros the Octopode Artificer began the quest for the Orb.
     0 | D:1      | Reached XP level 1. HP: 13/13 MP: 3/3
   280 | D:1      | Found a sparkling altar of Nemelex Xobeh.
   374 | D:1      | Reached skill level 1 in Unarmed Combat
   507 | D:1      | Reached skill level 1 in Slings
   507 | D:1      | Reached XP level 2. HP: 15/18 MP: 4/4
  1197 | D:2      | Reached XP level 3. HP: 23/23 MP: 5/5
  2019 | D:3      | Reached XP level 4. HP: 24/28 MP: 6/6
  2225 | D:3      | Noticed M4edhros's ghost (amateur OpAr)
  2242 | D:3      | Slain by M4edhros's ghost

Vault maps used:
D:1:      minmay_arrival_wavy_path, nrook_mini_vaults,
          nemelex_diamond_rough_becter
D:3:      wad_woods_stonehenge, ecumenical_altar_2, uniq_iyjb

Skill      XL: |  1  2  3 |
---------------+----------+-----
Unarmed Combat | 1 2 |  2.2
Slings         | 1 2 |  2.8
Fighting       | |  1.0
Short Blades   | |  1.0
Dodging        | |  2.0
Stealth        | |  1.3
Evocations     | |  3.2

Action                   |  1- 3 |  4- 6 || total
-------------------------+-------+-------++-------
Melee: Unarmed           |    23 |       ||    23
       Hunting sling     |     6 |       ||     6
 Fire: Hunting sling     |    53 |    24 ||    77
Evoke: Wand              |       |     2 ||     2
  Use: Potion            |     1 |     1 ||     2
 Stab: Sleeping          |     6 |       ||     6
  Eat: Meat ration       |     1 |       ||     1
